 Dungeon Crawl Stone Soup version 0.29-a0-925-g0a7a3d12f8 (webtiles) character file.

Game seed: 3201489858758584240

6606 quixfox the Geomancer (level 11, 0/64 HPs)
             Began as a Gargoyle Earth Elementalist on July 30, 2022.
             Was a Priest of Vehumet.
             Slain by Harold
             ... wielding a +1 scimitar of flaming
              (16 damage)
             ... on level 9 of the Dungeon.
             The game lasted 00:28:58 (9701 turns).

quixfox the Geomancer (Gargoyle Earth Elementalist) Turns: 9701, Time: 00:28:58

Health: 0/64       AC: 15    Str: 16    XL:     11   Next: 2%
Magic:  14/22      EV: 10    Int: 25    God:    Vehumet [***...]
Gold:   608        SH:  0    Dex: 12    Spells: 13/25 levels left

rFire   . . .      SeeInvis +   B - +9 dagger "Nioshaom" {flame, Str+3 Dex+2}
rCold   . . .      Faith    .   (no shield)
rNeg    + . .      Spirit   .   a - +0 robe
rPois   ∞          Reflect  .   j - +2 helmet {SInv}
rElec   +          Harm     .   C - +0 cloak
rCorr   .          Rampage  .   (no gloves)
Will    .....                   f - +0 pair of boots
Stlth   ++........              (no amulet)
HPRegen 0.20/turn               d - +6 ring of intelligence
MPRegen 0.18/turn               e - +4 ring of evasion

@: marked, held
A: sickness immunity, AC +8, negative energy resistance 1, electricity
resistance, torment resistance 1, petrification resistance
a: Renounce Religion


You were on level 9 of the Dungeon.
You worshipped Vehumet.
Vehumet was most pleased with you.
You visited 1 branch of the dungeon, and saw 9 of its levels.
You also visited: Sewer.

You collected 608 gold pieces.

Inventory:

Hand Weapons
 B - the +9 dagger "Nioshaom" (weapon) {flame, Str+3 Dex+2}
   (You found it on level 8 of the Dungeon)

   It burns those it strikes, dealing additional fire damage.
   Str:       It affects your strength (+3).
   Dex:       It affects your dexterity (+2).
Armour
 a - a +0 robe (worn)
 f - a +0 pair of boots (worn)
 j - a +2 helmet of see invisible (worn)
 y - a +0 buckler
 C - a +0 cloak (worn)
Jewellery
 d - a +6 ring of intelligence (left hand)
 e - a +4 ring of evasion (right hand)
 t - an amulet of faith
 A - a ring of protection from fire
Wands
 g - a wand of charming (10)
 i - a wand of flame (15)
Scrolls
 h - 6 scrolls of teleportation
 l - a scroll of amnesia
 m - 4 scrolls of enchant weapon
 u - a scroll of brand weapon {unknown}
 w - a scroll of butterflies
 z - a scroll of blinking {unknown}
 D - a scroll of magic mapping
Potions
 b - a potion of magic
 c - 7 potions of curing
 k - a potion of ambrosia
 n - a potion of mutation
 o - a potion of cancellation {unknown}
 p - 3 potions of haste
 q - 2 potions of lignification
 r - a potion of might
 s - a potion of attraction {unknown}
 v - 3 potions of flight
 x - a potion of heal wounds {unknown}


   Skills:
 + Level 5.5 Fighting
 - Level 4.0 Armour
 - Level 1.5 Dodging
 - Level 2.1 Stealth
 + Level 3.3 Shields
 + Level 7.6 Spellcasting
 + Level 8.0 Conjurations
 - Level 3.1 Necromancy
 - Level 0.7 Transmutations
 + Level 4.0 Fire Magic
 + Level 10.3 Earth Magic


You had 13 spell levels left.
You knew the following spells:

 Your Spells              Type           Power      Damage    Failure   Level
a - Sandblast             Erth           100%       2d20      1%          1
b - Passwall              Tmut/Erth      30%        N/A       1%          2
c - Stone Arrow           Conj/Erth      100%       3d13      1%          3
d - Borgnjor's Vile Clut  Necr/Erth      21%        N/A       11%         5
e - Foxfire               Conj/Fire      100%       2x1d9     1%          1

Your spell library contained the following spells:

 Spells                   Type           Power      Damage    Failure   Level
 Inner Flame              Hex/Fire       19%        N/A       2%          3
 Beastly Appendage        Tmut           26%        N/A       4%          1
 Petrify                  Tmut/Erth      37%        N/A       6%          4
 Wereblood                Tmut           13%        N/A       7%          2
 Spider Form              Tmut/Pois      11%        N/A       16%         3
 Animate Dead             Necr           25%        N/A       17%         4
 Death Channel            Necr           12%        N/A       95%         6


Dungeon Overview and Level Annotations

Branches:
Dungeon (9/15)             Temple (0/1) D:5            Lair (0/5) D:8
  Sewer (visited)
    Orc: D:9-12

Altars:
Cheibriados
Dithmenos
Elyvilon
Gozag
Qazlal
Ru
Sif Muna
Uskayaw
Vehumet
Zin
The Shining One

Annotations:
D:2 1 runed translucent door, Crazy Yiuf
D:5 1 runed translucent door, zeratav's ghost, novice OpVM
D:8 1 runed translucent door, xian's ghost, novice SpCj
D:9 Harold


Innate Abilities, Weirdness & Mutations

You are immune to sickness and miasma.
Your stone body is resilient. (AC +8)
You are immune to poison.
You resist negative energy. (rN+)
You are resistant to electric shocks. (rElec)
You are resistant to unholy torment.
You are immune to petrification.


Message History

You become entangled in the net!
Casting: Sandblast (safe; 1% risk of failure)
Confirm with . or Enter, or press ? or * to list all spells.
Aiming: Borgnjor's Vile Clutch (dangerous; 11% risk of failure)
Press: ? - help, Shift-Dir - straight line, f/p - Harold
Aim: Harold, wielding a +1 scimitar of flaming, wearing a +0 scale mail and quivering 2 throwing nets (moderately wounded, 100% to hit)
Zombie hands grab Harold.
The zombie hands constrict Harold!
Harold struggles to escape constriction.
You are held in a net!
Aiming: Sandblast (safe; 1% risk of failure)
Press: ? - help, Q - select action, (/) - cycle Shift-Dir - straight line, f/p - Harold
Aim: Harold, wielding a +1 scimitar of flaming, wearing a +0 scale mail and quivering 2 throwing nets (moderately wounded, constricted by zombie hands, 100% to hit)
The blast of sand hits Harold!
Harold is heavily wounded.
The zombie hands constrict Harold, but do no damage.
Harold escapes!
Harold barely misses you.
Aiming: Sandblast (safe; 1% risk of failure)
Press: ? - help, Q - select action, (/) - cycle Shift-Dir - straight line, f/p - Harold
Aim: Harold, wielding a +1 scimitar of flaming, wearing a +0 scale mail and quivering 2 throwing nets (heavily wounded, 91% to hit)
The blast of sand hits Harold.
Harold is severely wounded.
Harold hits you with a +1 scimitar of flaming!
Harold burns you.
Harold hits you with a +1 scimitar of flaming!
Harold burns you.
Aiming: Sandblast (safe; 1% risk of failure)
Press: ? - help, Q - select action, (/) - cycle Shift-Dir - straight line, f/p - Harold
Aim: Harold, wielding a +1 scimitar of flaming, wearing a +0 scale mail and quivering 2 throwing nets (severely wounded, 91% to hit)
The blast of sand hits Harold!
Harold is severely wounded.
Harold casts a spell at you. A sentinel's mark forms upon you.
Harold hits you with a +1 scimitar of flaming!!
* * * LOW HITPOINT WARNING * * *
Harold burns you.
* * * LOW HITPOINT WARNING * * *
You feel better.
Harold hits you with a +1 scimitar of flaming!
You die...

...........#
.#.#######.# .< .#<# #.#
.# .).# #.# .# .### #.#
.# .# #.# .# .# ####.#
.# .# #....######@######
.######.#.......@.......
........##........######
###################


You could see Harold.

Vanquished Creatures
  A troll (D:8)
  Prince Ribbit (D:7)
  Grinder (D:5)
  A vampire (D:6)
  A wyvern (D:8)
  Eustachio (D:4)
  Grum (D:8)
  4 yaks (D:8)
  A steam dragon (D:6)
  Edmund (D:5)
  2 acid dragons
  3 ice beasts
  2 black bears
  3 sky beasts
  2 ogres
  3 wolves (D:8)
  4 centaurs
  A kobold brigand (D:7)
  3 scorpions
  5 bullfrogs
  2 jellies (D:5)
  23 wights
  A killer bee (D:5)
  2 electric eels (D:8)
  A lava snake (D:8)
  9 hounds
  3 orc priests
  Ijyb (D:5)
  A gnoll bouda (D:5)
  Natasha (thrice) (D:2)
  3 iguanas
  3 orc wizards
  Robin (D:3)
  4 gnolls (D:5)
  7 adders
  4 river rats (Sewer)
  A white imp (D:5)
  2 ufetubi (D:5)
  A worm (D:2)
  2 dart slugs
  17 orcs
  6 endoplasms
  5 giant cockroaches (D:3)
  11 goblins
  10 hobgoblins
  11 kobolds
  6 quokkas
  17 ball pythons
  5 bats
  5 frilled lizards
  A goblin zombie (D:5)
  35 rats
  A rat zombie (D:5)
245 creatures vanquished.

Notes
Turn   | Place    | Note
-------+----------+-------------------------------------------
     0 | D:1      | quixfox the Gargoyle Earth Elementalist began the quest for
                  | the Orb.
     0 | D:1      | Reached XP level 1. HP: 10/10 MP: 3/3
   174 | D:1      | Reached XP level 2. HP: 15/15 MP: 3/5
   212 | D:1      | Reached skill level 4 in Earth Magic
   582 | D:1      | Found a faded altar of an unknown god.
   872 | D:2      | Noticed Natasha
   874 | D:2      | Killed Natasha
   875 | D:2      | Reached XP level 3. HP: 19/19 MP: 4/7
  1007 | D:2      | Noticed Natasha
  1014 | D:2      | Killed Natasha
  1015 | D:2      | Reached skill level 5 in Earth Magic
  1015 | D:2      | Reached XP level 4. HP: 19/24 MP: 5/8
  1020 | D:2      | Noticed Natasha
  1024 | D:2      | Killed Natasha
  1543 | D:2      | Found a runed translucent door.
  1544 | D:2      | Noticed Crazy Yiuf
  2015 | D:3      | Learned a level 2 spell: Passwall
  2019 | D:3      | Learned a level 3 spell: Stone Arrow
  2185 | D:3      | Reached XP level 5. HP: 28/28 MP: 7/10
  2229 | D:3      | Noticed Robin
  2232 | D:3      | Killed Robin
  2475 | D:3      | Reached skill level 1 in Conjurations
  2483 | D:3      | Found a glowing drain.
  2494 | Sewer    | Entered a sewer
  2869 | Sewer    | Reached XP level 6. HP: 32/32 MP: 4/11
  3041 | Sewer    | Reached skill level 6 in Earth Magic
  3808 | D:3      | Found an opulent altar of Gozag.
  3808 | D:3      | Found a glowing silver altar of Zin.
  4017 | D:4      | Found a glowing golden altar of the Shining One.
  4017 | D:4      | Found a white marble altar of Elyvilon.
  4017 | D:4      | Found a snail-covered altar of Cheibriados.
  4017 | D:4      | Found a hide-covered altar of Uskayaw.
  4023 | D:4      | Found a radiant altar of Vehumet.
  4023 | D:4      | Found a sacrificial altar of Ru.
  4033 | D:4      | Became a worshipper of Vehumet
  4106 | D:4      | Noticed Eustachio
  4111 | D:4      | Killed Eustachio
  4112 | D:4      | Reached XP level 7. HP: 26/36 MP: 8/14
  4118 | D:4      | Learned a level 5 spell: Borgnjor's Vile Clutch
  4656 | D:5      | Entered Level 5 of the Dungeon
  4663 | D:5      | Found a staircase to the Ecumenical Temple.
  4703 | D:5      | Noticed Edmund
  4871 | D:5      | Found a stormy altar of Qazlal.
  4884 | D:5      | Noticed Grinder
  4900 | D:5      | Paralysed by Grinder for 3 turns
  4911 | D:5      | Killed Grinder
  4912 | D:5      | Reached skill level 5 in Spellcasting
  4912 | D:5      | Reached skill level 1 in Necromancy
  4912 | D:5      | Reached skill level 7 in Earth Magic
  4912 | D:5      | Reached XP level 8. HP: 20/41 MP: 7/15
  4957 | D:5      | Reached * piety under Vehumet
  4957 | D:5      | Offered knowledge of Magic Dart by Vehumet.
  5138 | D:5      | Reached skill level 5 in Conjurations
  5140 | D:5      | Found a runed translucent door.
  5144 | D:5      | Noticed zeratav's ghost (novice OpVM)
  5242 | D:5      | Killed Edmund
  5480 | D:5      | Noticed Ijyb
  5488 | D:5      | Killed Ijyb
  5489 | D:5      | Reached skill level 8 in Earth Magic
  6121 | D:6      | Reached XP level 9. HP: 38/46 MP: 11/18
  6321 | D:6      | Reached skill level 1 in Fighting
  6321 | D:6      | Reached skill level 1 in Armour
  6800 | D:6      | Reached ** piety under Vehumet
  6800 | D:6      | Offered knowledge of Foxfire by Vehumet.
  6801 | D:6      | Reached skill level 9 in Earth Magic
  6803 | D:6      | Learned a level 1 spell: Foxfire
  7316 | D:7      | Reached skill level 1 in Fire Magic
  7375 | D:7      | Identified the +2 chain mail of Sloth {Regen+ Int+3}
  7450 | D:7      | Reached XP level 10. HP: 52/56 MP: 17/20
  8052 | D:7      | Noticed Prince Ribbit
  8057 | D:7      | Killed Prince Ribbit
  8058 | D:7      | Reached skill level 1 in Shields
  8298 | D:7      | Found a shimmering blue altar of Sif Muna.
  8493 | D:8      | Found a runed translucent door.
  8493 | D:8      | Noticed xian's ghost (novice SpCj)
  8627 | D:8      | Found a staircase to the Lair.
  8638 | D:8      | Offered knowledge of Inner Flame by Vehumet.
  8800 | D:8      | Reached skill level 10 in Earth Magic
  8810 | D:8      | Reached skill level 5 in Fighting
  8972 | D:8      | Found a shadowy altar of Dithmenos.
  9049 | D:8      | Identified the +9 dagger "Nioshaom" {flame, Str+3 Dex+2}
  9063 | D:8      | Noticed Grum
  9081 | D:8      | Killed Grum
  9639 | D:9      | Reached XP level 11. HP: 63/64 MP: 19/22
  9647 | D:9      | Reached *** piety under Vehumet
  9695 | D:9      | Noticed Harold
  9701 | D:9      | Slain by Harold

Illustrated notes

Levels and vault maps discovered:
D:1:      ebering_trefoil_3fold, layout_loops_ring,
          shapermc_ecumenical_altar_mp_highgroup
D:2:      layout_basic, chequers_jeans, wander_ebering_terrifying_dragon_lair,
          uniq_natasha, uniq_crazy_yiuf_cottage
D:3:      layout_loops_ring, grunt_temple_overflow_gold_and_silver,
          serial_aquarium, aquarium_bridge_square [aquarium_subvault_bridge,
          aquarium_subvault_window, aquarium_subvault_wall,
          aquarium_subvault_balcony], aquarium_window_2, aquarium_window_2,
          aquarium_window_1, aquarium_window_2, aquarium_view_2c,
          aquarium_view_2c, aquarium_pool_five, gup_sewer_entry_pipe,
          minmay_close_crescents, uniq_robin
D:4:      layout_basic, minmay_overflow_temple_hex, minmay_misc_feat_five,
          uniq_eustachio
D:5:      minmay_evil_eye, layout_basic, nicolae_overflow_crystal_walls,
          minmay_temple_entry_slanted, ebering_ghost_sewer_d, enter_ossuary_4,
          uniq_grinder, uniq_edmund, uniq_ijyb
D:6:      layout_loops_corners
D:7:      layout_rooms, led_sif_pool, uniq_prince_ribbit1
D:8:      layout_basic, general_overflow_altar, erik_lair_island,
          gammafunk_ghost_grave, nicolae_lava_and_water, uniq_grum
D:9:      cheibrodos_iron_armory, layout_loops_ring, uniq_harold

Skill      XL: |  1  2  3  4  5  6  7  8  9 10 11 |
---------------+----------------------------------+-----
Earth Magic    | 4 5 6 7 8 9 10 | 10.3
Spellcasting   | 3 4 5 6 7 |  7.6
Conjurations   | 2 3 4 5 6 7 8 |  8.0
Necromancy     | 1 3 |  3.1
Fighting       | 3 5 |  5.5
Armour         | 3 4 |  4.0
Fire Magic     | 1 3 4 |  4.0
Shields        | 3 |  3.3
Dodging        | |  1.5
Stealth        | |  2.1
Transmutations | |  0.7

Action                   |  1- 3 |  4- 6 |  7- 9 | 10-12 || total
-------------------------+-------+-------+-------+-------++-------
Melee: Unarmed           |     1 |       |       |       ||     1
       Dagger            |     1 |     1 |    10 |    11 ||    23
       Scimitar          |       |       |       |     8 ||     8
 Cast: Sandblast         |    32 |   123 |   142 |   103 ||   400
       Borgnjor's Vile C |       |       |       |     1 ||     1
  Use: Scroll            |       |    11 |     6 |     4 ||    21
       Potion            |       |       |     2 |     1 ||     3
Armor: Robe              |     1 |    20 |    42 |    38 ||   101
Dodge: Dodged            |     9 |    54 |   102 |    86 ||   251

Table legend: (Time is in decaauts)
 A = Elapsed time spent in this place.
 B = Non-inter-level travel time spent in this place.
 C = Inter-level travel time spent in this place.
 D = Time resting spent in this place.
 E = Time spent auto-exploring this place.
 F = Levels seen in this place.
 G = Mean time per level.
                   A        B        C        D        E       F      G
               +--------+--------+--------+--------+--------+-----+--------+
         Total |  10187 |   9872 |    315 |   1113 |   6306 |  10 | 1018.7 |
       Dungeon |   9251 |   8936 |    315 |    651 |   6123 |   9 | 1027.9 |
         Sewer |    936 |    936 |      0 |    462 |    182 |   1 |  936.0 |
               +--------+--------+--------+--------+--------+-----+--------+

Top non-repeatable levels by time:
     D:6: 1510 daAuts
     D:5: 1485 daAuts
     D:8: 1348 daAuts
     D:2: 1184 daAuts
     D:3: 1134 daAuts
   Sewer: 936 daAuts
     D:1: 871 daAuts
     D:7: 837 daAuts
     D:4: 788 daAuts
     D:9: 90 daAuts
